 Dungeon Crawl Stone Soup version 0.16-a0-4112-g89a4107 (webtiles) character file.

190 timbw the Chopper (level 5, -7/45 HPs)
             Began as a Centaur Fighter on Feb 27, 2015.
             Was an Initiate of Makhleb.
             Mangled by a gnoll
             ... wielding a +0 halberd
              (8 damage)
             ... on level 5 of the Dungeon.
             The game lasted 00:03:45 (1059 turns).

timbw the Chopper (Centaur Fighter)                 Turns: 1059, Time: 00:03:46

Health: -7/45      AC:  6    Str: 19    XL:     5   Next: 41%
Magic:  4/4        EV:  5    Int:  7    God:    Makhleb [......]
Gold:   96         SH:  8    Dex:  9    Spells: 0 memorised, 4 levels left

rFire  . . .     SeeInvis .     a - +0 war axe
rCold  . . .     Clarity  .     b - +0 scale mail
rNeg   . . .     SustAb   .     c - +0 shield
rPois  .         Gourm    .     (no helmet)
rElec  .         Spirit   .     (no cloak)
rCorr  .         Warding  .     (no gloves)
rMut   .         Stasis   .     (no barding)
MR     .....                    (no amulet)
Stlth  ..........               (no ring)
                                (no ring)

@: very quick, not resistant to hostile enchantments, extremely unstealthy
A: hooves 3, deformed body, speed 2, tough skin 3
a: Renounce Religion


You were on level 5 of the Dungeon.
You worshipped Makhleb.
Makhleb was noncommittal.
You were not hungry.

You visited 2 branches of the dungeon, and saw 6 of its levels.

You collected 96 gold pieces.

Inventory:

Hand weapons
 a - a +0 war axe (weapon)
Missiles
 e - 3 tomahawks (quivered)
Armour
 b - a +0 scale mail (worn)
 c - a +0 shield (worn)
Scrolls
 f - 3 scrolls of identify {unknown}
 l - a scroll of enchant armour {unknown}
 o - a scroll of noise {unknown}
Potions
 i - a potion of beneficial mutation {unknown}
 j - a potion of degeneration {unknown}
 k - a potion of heal wounds {unknown}
 m - a potion of resistance {unknown}
Comestibles
 d - a bread ration
 g - 2 slices of pizza
 h - a chunk of flesh
 n - a beef jerky


   Skills:
 - Level 3.0 Fighting
 + Level 5.2 Axes
 - Level 2.1 Armour
 - Level 2.1 Shields


You had 4 spell levels left.
You didn't know any spells.

Dungeon Overview and Level Annotations

Branches:
Dungeon (5/15)             Temple (1/1) D:4

Altars:
Ashenzari
Cheibriados
Dithmenos
Elyvilon
Fedhas
Gozag
Kikubaaqudgha
Makhleb
Nemelex Xobeh
Okawaru
Qazlal
Ru
Sif Muna
Trog
Vehumet
Xom
Yredelemnul
Zin


Innate Abilities, Weirdness & Mutations

You have hooves in place of feet.
Armour fits poorly on your strangely shaped body.
You cover ground very quickly.
You have extremely tough skin (AC +3).


Message History

You kill the gnoll!
Makhleb accepts your kill.
The gnoll hits you from afar with a halberd.
The gnoll shouts!
The gnoll barely misses you.
Things that are here:
a halberd; a gnoll corpse Your shield and scale mail prevent you from hitting the gnoll.
Your kick misses the gnoll. The gnoll barely misses you.
Your shield prevents you from hitting the gnoll.
The gnoll hits you with a halberd.
You closely miss the gnoll. You block the gnoll's attack.
An adder comes into view.
Your shield and scale mail prevent you from hitting the gnoll.
The gnoll hits you from afar with a halberd!
* * * LOW HITPOINT WARNING * * *
The gnoll hits you with a halberd!
* * * LOW HITPOINT WARNING * * *
The gnoll hits you from afar with a halberd!
You die...

.. #..# .S..#
..g.. ####....g.
#..g# ##g## #@# #
#.# . ) #.##
..##..##
#.###..######
#..###..>...#
#####..# ###....#
.......## ###..#
........#####...#


You could see 2 gnolls and an adder.

Vanquished Creatures
  A phantom (D:5)
  2 orc priests (D:5)
  A gnoll (D:5)
  An adder (D:2)
  A giant gecko (D:3)
  2 orcs (D:5)
  A giant cockroach (D:1)
  2 hobgoblins
  3 jackals (D:2)
  An ooze (D:1)
  3 bats (D:1)
  A giant newt (D:1)
  A goblin (D:2)
  A quokka skeleton (D:5)
  3 rats
24 creatures vanquished.

Notes
Turn   | Place    | Note
--------------------------------------------------------------
     0 | D:1      | timbw, the Centaur Fighter, began the quest for the Orb.
     0 | D:1      | Reached XP level 1. HP: 19/19 MP: 1/1
   161 | D:2      | Reached XP level 2. HP: 19/26 MP: 2/2
   739 | D:5      | Entered Level 5 of the Dungeon
   739 | D:5      | Noticed a phantom
   797 | D:4      | Found a staircase to the Ecumenical Temple.
   803 | Temple   | Entered the Ecumenical Temple
   829 | Temple   | Became a worshipper of Makhleb the Destroyer
   857 | D:5      | Reached XP level 3. HP: 21/31 MP: 3/3
   859 | D:5      | Reached skill level 4 in Axes
   859 | D:5      | Reached XP level 4. HP: 18/38 MP: 3/3
   894 | D:5      | Killed a phantom
   894 | D:5      | Reached skill level 5 in Axes
   894 | D:5      | Reached XP level 5. HP: 18/45 MP: 4/4
  1059 | D:5      | HP: 1/45 [gnoll/halberd (10)]
  1059 | D:5      | Mangled by a gnoll

Action                   |  1- 3 |  4- 6 || total
-------------------------+-------+-------++-------
Melee: War axe           |    73 |    13 ||    86
  Use: Potion            |     1 |       ||     1
